 Dungeon Crawl Stone Soup version 0.32-a0-872-g59262bdc9b (webtiles) character file.

Game seed: 14776691687335409956

136 TheBioAlchemist the Ruffian (level 4, 0/38 HPs)
             Began as a Draconian Shapeshifter on Mar 31, 2024.
             Slain by an iguana (9 damage)
             ... on level 3 of the Dungeon.
             The game lasted 00:03:34 (1922 turns).

TheBioAlchemist the Ruffian (DrSh)                  Turns: 1922, Time: 00:03:34

Health: 0/38       AC:  5    Str: 19    XL:     4   Next: 98%
Magic:  4/4        EV: 11    Int:  8    God:
Gold:   110        SH:  0    Dex: 13    Spells: 3/3 levels left

rFire   + . .        o - +6 morningstar of Duybbemp {heavy, rF+ Int-2 Dex+3 Stlth+}
rCold   . . .        (no shield)
rNeg    . . .        (body armour unavailable)
rPois   .            (helmet currently unavailable)
rElec   .            (cloak currently unavailable)
rCorr   .            (gloves currently unavailable)
SInv    .            (boots currently unavailable)
Will    .....        g - amulet of the acrobat
Stlth   ++           (no ring)
HPRegen 0.26/turn    (no ring)
MPRegen 0.09/turn

%: acrobat
@: beast-form
A: beast (slay +1), AC +5, unfitting armour, cold-blooded
a: Begin Untransformation


You were on level 3 of the Dungeon.
You were a hulking beast.
You visited 1 branch of the dungeon, and saw 4 of its levels.

You collected 110 gold pieces.

Inventory:

Hand Weapons
 o - the +6 morningstar of Duybbemp (weapon) {heavy, rF+ Int-2 Dex+3 Stlth+}
   (You found it on level 2 of the Dungeon)

   Int-2:     It affects your intelligence (-2).
   Dex+3:     It affects your dexterity (+3).
   rF+:       It protects you from fire.
   Stlth+:    It makes you more stealthy.
 p - the +1 sling "Byesi" {elec, rCorr MP+9}
   (You found it on level 2 of the Dungeon)

   MP+9:      It affects your magic capacity (+9).
   rCorr:     It protects you from acid and corrosion.
Armour
 r - a +1 hat
 t - a +0 pair of gloves
Jewellery
 g - an amulet of the acrobat (around neck)
Talismans
 b - a beast talisman (active)
 c - a flux talisman
 v - a dragon-blood talisman
Wands
 q - a wand of warping (20)
Scrolls
 d - 3 scrolls of acquirement {unknown}
 e - a scroll of fog {unknown}
 f - 2 scrolls of revelation {unknown}
 h - a scroll of torment {unknown}
 k - a scroll of teleportation {unknown}
 l - a scroll of identify {unknown}
 s - a scroll of poison {unknown}
Potions
 a - 3 potions of lignification
 i - 3 potions of curing {unknown}
 j - a potion of heal wounds {unknown}
 m - 2 potions of haste {unknown}
 n - a potion of invisibility {unknown}
 u - a potion of might {unknown}


   Skills:
 * Level 3.2 Fighting
 + Level 2.3 Dodging
 * Level 4.1 Unarmed Combat
 * Level 3.4 Shapeshifting


You had 3 spell levels left.
You didn't know any spells.
Your spell library contained the following spells:

 Spells                   Type           Power      Damage    Failure   Level
 Lesser Beckoning         Tloc           0%         N/A       54%         2
 Teleport Other           Tloc           0%         N/A       78%         3
 Maxwell's Portable Pile  Tloc           0%         2d(5-10)  99%         4
 Summon Forest            Summ/Tloc      0%         N/A       100%        5
 Eringya's Noxious Bog    Alch           0%         4d6       100%        6
 Summon Hydra             Summ           0%         N/A       100%        7


Dungeon Overview and Level Annotations

Branches:
Dungeon (4/15)
 Temple: D:4-7

Altars:

Shops:
D:3 (


Innate Abilities, Weirdness & Mutations

You are a hulking beast.
Your limbs bulge with bestial killing power. (Slay +1)
Your plain brown scales are hard. (AC +5)
You cannot fit into any form of body armour.
You are cold-blooded and may be slowed by cold attacks.


Message History

Found a spear and a club.
Found Buyfoc's Antique Weapon Emporium.
Found a stone staircase leading up.
There is an entrance to Buyfoc's Antique Weapon Emporium here.
Found a stone staircase leading down.
Found a dragon-blood talisman.
Found 3 stones.
You see here a dragon-blood talisman.
v - a dragon-blood talisman An orc comes into view.
It is wielding a +0 mace.
The orc shouts!
You crush the orc like a grape!!!
You kill the orc!
No target in view!
You see here a +0 mace.
Done exploring.
Done exploring.
Done exploring.
What level of the Dungeon? (default 3, ? - help)
There is a stone staircase leading down here.
You climb downwards.
The iguana hisses angrily.
The orc shouts! x2
Found three items.
Found a stone staircase leading up.
There is a stone staircase leading up here.
There are monsters nearby!
An orc comes into view. It is wielding a +0 short sword.
The iguana bites you!
You climb upwards.
There is a stone staircase leading down here.
You completely miss the iguana. The iguana closely misses you.
The iguana bites you!
You are too injured to fight recklessly!
You are too injured to fight recklessly!
You are too injured to fight recklessly!
You closely miss the iguana. The iguana bites you! The iguana bites you.
* * * LOW HITPOINT WARNING * * *
You sock the iguana!
You tail-slap the iguana, but do no damage.
The iguana is severely wounded.
The iguana bites you!
You die...

..## #....## .##
#.....# ## #.....##
.##########.....#
...........#....#
#.÷........##...##
#.....†....###...#
...........# #.#l#
...........# #.#h#
#..........# #.#.#
#....####### #.#.###
####...# #.#...#
######.#######.#...#
...................#
########.#####.#...#
#..# #.#...# ###
##.####.#...#


You could see an iguana.

Vanquished Creatures
  Ijyb (D:3)
  3 adders (D:2)
  2 ribbon worms
  An orc (D:3)
  9 ball pythons
  6 bats
  9 endoplasms
  7 giant cockroaches
  10 goblins
  5 hobgoblins
  5 kobolds
  4 quokkas
  A frilled lizard (D:1)
  10 rats
73 creatures vanquished.

Notes
Turn   | Place    | Note
-------+----------+-------------------------------------------
     0 | D:1      | TheBioAlchemist the Draconian Shapeshifter began the quest
                  | for the Orb.
     0 | D:1      | Reached XP level 1. HP: 16/16 MP: 1/1
    43 | D:1      | Reached XP level 2. HP: 19/23 MP: 2/2
   210 | D:1      | Reached XP level 3. HP: 26/29 MP: 3/3
   236 | D:1      | Found a faded altar of an unknown god.
   780 | D:2      | Reached XP level 4. HP: 37/37 MP: 4/4
  1104 | D:2      | Identified the +6 morningstar of Duybbemp {heavy, rF+ Int-2
                  | Dex+3 Stlth+}
  1168 | D:2      | Identified the +1 sling "Byesi" {elec, rCorr MP+9}
  1651 | D:3      | Noticed Ijyb
  1657 | D:3      | Killed Ijyb
  1658 | D:3      | Reached skill level 4 in Unarmed Combat
  1759 | D:3      | Found Buyfoc's Antique Weapon Emporium.
  1922 | D:3      | Slain by an iguana

Illustrated notes

Levels and vault maps discovered:
D:1:      heliophobic_arrival_glass_houses, layout_basic,
          hellmonk_ecumenical_altar_slurped_away, minmay_bisected
D:2:      minmay_general_purpose_star, layout_basic
D:3:      layout_rooms, serial_shops, nicolae_shop_scrapyard, uniq_ijyb
D:4:      layout_cave_pools, temple_doors_e, gammafunk_ghost_abyssal_escape,
          minivault_23, lemuel_flame_loot_1, uniq_edmund

Skill      XL: |  1  2  3  4 |
---------------+-------------+-----
Dodging        | 2 |  2.3
Fighting       | 2 3 |  3.2
Unarmed Combat | 4 |  4.1
Shapeshifting  | |  3.4

Action                     |  1- 3 |  4- 6 || total
---------------------------+-------+-------++-------
  Melee: Unarmed           |   109 |    36 ||   145
         Tailslap          |     9 |     6 ||    15
         Punch             |     1 |     2 ||     3
         Morningstar       |       |    24 ||    24
   Stab: Sleeping          |       |     3 ||     3
 Armour: Skin              |    76 |    47 ||   123
  Dodge: Dodged            |    70 |    62 ||   132

Table legend: (Time is in decaauts)
 A = Elapsed time spent in this place.
 B = Non-inter-level travel time spent in this place.
 C = Inter-level travel time spent in this place.
 D = Time resting spent in this place.
 E = Time spent auto-exploring this place.
 F = Levels seen in this place.
 G = Mean time per level.
                   A        B        C        D        E       F      G
               +--------+--------+--------+--------+--------+-----+--------+
         Total |   1946 |   1864 |     82 |     69 |   1343 |   4 |  486.5 |
       Dungeon |   1946 |   1864 |     82 |     69 |   1343 |   4 |  486.5 |
               +--------+--------+--------+--------+--------+-----+--------+

Top non-repeatable levels by time:
     D:2: 856 daAuts
     D:1: 644 daAuts
     D:3: 443 daAuts
     D:4: 2 daAuts
